 Dungeon Crawl Stone Soup version 0.24-a0-769-g368c1644f8 (webtiles) character file.

Game seed: 11382603606446565994, levelgen mode: deterministic

4085 Argons the Covert (level 10, -2/50 HPs)
             Began as a Kobold Wizard on Oct 5, 2019.
             Was a Follower of Vehumet.
             Splashed by an acid dragon's acid (10 damage)
             ... on level 9 of the Dungeon.
             The game lasted 01:34:30 (15283 turns).

Argons the Covert (Kobold Wizard)                  Turns: 15283, Time: 01:34:32

Health: -2/50      AC:  1    Str:  5    XL:     10   Next: 50%
Magic:  8/16       EV: 19    Int: 23    God:    Vehumet [*.....]
Gold:   681        SH:  0    Dex: 13    Spells: 4/17 levels left

rFire    . . .     SeeInvis .   g - +1 dagger
rCold    + . .     Gourm    .   (shield restricted)
rNeg     . . .     Faith    .   D - +2 robe {rC+}
rPois    .         Spirit   .   b - +1 hat
rElec    .         Reflect  .   m - +1 cloak
rCorr    .         Harm     .   v - +0 pair of gloves
MR       .....                  t - +0 pair of boots
Stlth    +++++.....             (no amulet)
HPRegen  0.16/turn              p - ring of stealth
MPRegen  0.15/turn              (no ring)

@: corroded
A: small, carnivore
a: Renounce Religion


You were on level 9 of the Dungeon.
You worshipped Vehumet.
Vehumet was aware of your devotion.
You were very full.

You visited 2 branches of the dungeon, and saw 10 of its levels.

You collected 681 gold pieces.

Inventory:

Hand Weapons
 g - a +1 dagger (weapon)
Missiles
 j - 27 poisoned darts (quivered)
Armour
 b - a +1 hat (worn)
 m - a +1 cloak (worn)
 t - a +0 pair of boots (worn)
 v - a +0 pair of gloves (worn)
 D - a +2 robe of cold resistance (worn)
Jewellery
 p - a ring of stealth (left hand)
Wands
 w - a wand of enslavement (6)
 y - a wand of random effects (15)
 z - a wand of iceblast (11)
 C - a wand of digging (6)
Scrolls
 a - a scroll of magic mapping
 e - a scroll of blinking
 f - 5 scrolls of enchant armour
 s - 4 scrolls of remove curse
 x - a scroll of fog
 A - a scroll of enchant weapon
Potions
 c - a potion of flight
 h - 3 potions of heal wounds
 i - 2 potions of magic
 k - a potion of agility
 l - 5 potions of haste
 n - a potion of berserk rage
 o - a potion of invisibility {unknown}
 q - a potion of ambrosia {unknown}
 r - 3 potions of curing
 B - a potion of mutation {unknown}
Comestibles
 d - 9 rations


   Skills:
 - Level 8.1 Dodging
 - Level 10.0 Stealth
 - Level 4.1 Spellcasting
 + Level 7.8 Conjurations
 - Level 1.0 Summonings
   Level 1.0 Translocations
 + Level 4.6 Fire Magic
 + Level 3.8 Air Magic
 + Level 3.8 Poison Magic


You had 4 spell levels left.
You knew the following spells:

 Your Spells              Type           Power        Failure   Level  Hunger
a - Magic Dart            Conj           ####         1%          1    None
b - Call Imp              Summ           #.......     11%         2    #......
c - Conjure Flame         Conj/Fire      ####....     2%          3    ##.....
d - Mephitic Cloud        Conj/Pois/Air  ####....     3%          3    ##.....
e - Flame Tongue          Conj/Fire      ####.        1%          1    None
f - Ignite Poison         Fire/Tmut/Pois ###.....     10%         3    ##.....

Your spell library contained the following spells:

 Spells                   Type           Power        Failure   Level  Hunger
 Dazzling Spray           Conj/Hex       ###...       6%          3    ##.....
 Corona                   Hex            #......      11%         1    None
 Blink                    Tloc           N/A          11%         2    #......
 Ensorcelled Hibernation  Hex/Ice        #.....       16%         2    #......
 Slow                     Hex            #.......     16%         2    #......
 Confuse                  Hex            #.......     30%         3    ##.....
 Tukima's Dance           Hex            #.......     30%         3    ##.....
 Fireball                 Conj/Fire      ####......   22%         5    ######.
 Bolt of Fire             Conj/Fire      ####......   77%         6    #######
 Ring of Flames           Chrm/Fire      ###.......   100%        7    #######
 Ignition                 Fire           ####......   100%        8    #######


Dungeon Overview and Level Annotations

Branches:
Dungeon (9/15)             Temple (1/1) D:7
   Lair: D:8-11         Orc: D:9-12

Altars:
Ashenzari
Cheibriados
Dithmenos
Elyvilon
Fedhas
Gozag
Hepliaklqana
Kikubaaqudgha
Makhleb
Nemelex Xobeh
Okawaru
Qazlal
Ru
Sif Muna
Trog
Uskayaw
Vehumet
Wu Jian
Xom
Yredelemnul
Zin
The Shining One

Annotations:
D:7 orc warrior
D:9 Gastronok, Harold


Innate Abilities, Weirdness & Mutations

You are small and have problems with some larger weapons.
You are carnivorous and can eat meat at any time.


Message History

The acid dragon is heavily wounded.
Casting: Flame Tongue (safe; 1% risk of failure)
Confirm with . or Enter, or press ? or * to list all spells.
Aiming: Flame Tongue (safe; 1% risk of failure)
Press: ? - help, Shift-Dir - straight line, f/p - acid dragon
Aim: an acid dragon (heavily wounded)
The flame tongue hits the acid dragon!
The acid dragon is almost dead.
Casting: Flame Tongue (safe; 1% risk of failure)
Confirm with . or Enter, or press ? or * to list all spells.
Aiming: Flame Tongue (safe; 1% risk of failure)
Press: ? - help, Shift-Dir - straight line, f/p - acid dragon
Aim: an acid dragon (almost dead)
The flame tongue hits the acid dragon but does no damage.
The acid dragon is almost dead.
The acid dragon spits acid at you. The splash of acid hits you!
* * * LOW HITPOINT WARNING * * *
The acid corrodes you!
You are splashed with acid!
You die...

#...##..# ##.#
.... #..# #.#
.)..# ##.## #.#
....# #..## ##.#
.....###..####)##
..............##
..>......######
......D..#
.......@##
..#.....# ###..##
##. ##


You could see an acid dragon.

Vanquished Creatures
  Pikel (D:6)
  A troll (D:9)
  2 hippogriffs
  Menkaure (D:6)
  Duvessa (D:6)
  2 slaves (D:6)
  A black bear (D:8)
  3 orc warriors (D:9)
  A sky beast (D:9)
  2 ogres
  4 phantoms
  2 centaurs
  A big kobold (D:8)
  5 bullfrogs
  Dowan (D:6)
  A scorpion (D:7)
  A wight (D:9)
  A howler monkey (D:4)
  A crimson imp (D:5)
  A bullfrog zombie (D:6)
  3 hounds
  A jelly (D:9)
  An orc priest (D:9)
  3 orc wizards
  5 iguanas
  3 worker ants
  2 hound skeletons
  A worker ant zombie (D:7)
  11 adders
  A shadow imp (D:7)
  An ooze (D:4)
  2 adder skeletons
  3 leopard geckos
  23 orcs
  A ball python (D:3)
  6 giant cockroaches
  12 goblins
  6 hobgoblins
  6 jackals
  4 quokkas
  4 bats
  6 frilled lizards
  3 jackal skeletons
  12 kobolds
  A leopard gecko skeleton (D:4)
  A quokka zombie (D:5)
  9 rats
164 creatures vanquished.

Vanquished Creatures (collateral kills)
  Prince Ribbit (D:7)
  An orc warrior (D:7)
  An ice beast (D:5)
  A sky beast (D:5)
  Blork the orc (D:6)
  An orc priest (D:8)
  An iguana (D:7)
  Ijyb (D:5)
  An orc wizard (D:5)
  A howler monkey skeleton (D:5)
  3 dart slugs (D:1)
  An orc (D:8)
14 creatures vanquished.

Grand Total: 178 creatures vanquished

Notes
Turn   | Place    | Note
-------+----------+-------------------------------------------
     0 | D:1      | Argons the Kobold Wizard began the quest for the Orb.
     0 | D:1      | Reached XP level 1. HP: 10/10 MP: 4/4
   149 | D:1      | Reached skill level 3 in Stealth
   241 | D:1      | Reached XP level 2. HP: 15/15 MP: 1/6
   245 | D:1      | Learned a level 2 spell: Call Imp
   947 | D:1      | Reached XP level 3. HP: 19/19 MP: 5/7
  1122 | D:1      | Reached skill level 4 in Stealth
  1495 | D:2      | Reached XP level 4. HP: 24/24 MP: 0/8
  2352 | D:3      | Found a burning altar of Makhleb.
  2352 | D:3      | Noticed a cacodemon
  2355 | D:3      | Noticed an orange demon
  2355 | D:3      | Noticed a ynoxinul
  2566 | D:3      | Reached skill level 5 in Stealth
  2717 | D:3      | Found an iron altar of Okawaru.
  2819 | D:3      | Reached XP level 5. HP: 28/28 MP: 5/10
  3158 | D:4      | Noticed a phantom
  3881 | D:4      | Reached XP level 6. HP: 32/32 MP: 2/12
  4095 | D:5      | Entered Level 5 of the Dungeon
  4232 | D:5      | Found a bloodstained altar of Trog.
  4233 | D:5      | Found a glowing golden altar of the Shining One.
  4338 | D:5      | Noticed an ice beast
  4383 | D:5      | Noticed Ijyb
  4704 | D:5      | Noticed a sky beast
  4755 | D:5      | Killed a sky beast
  5210 | D:7      | Reached XP level 7. HP: 33/36 MP: 9/13
  5364 | D:6      | Reached skill level 5 in Conjurations
  5510 | D:6      | Noticed Duvessa
  6252 | D:5      | Reached skill level 5 in Dodging
  6389 | D:6      | Noticed Pikel
  6503 | D:6      | Reached skill level 6 in Stealth
  6743 | D:7      | Noticed Prince Ribbit
  6760 | D:7      | Found a sacrificial altar of Ru.
  6914 | D:6      | Noticed Blork the orc
  7133 | D:7      | Found a hazy altar of Hepliaklqana.
  7134 | D:7      | Found an iron altar of Okawaru.
  7182 | D:7      | Noticed a hippogriff
  7373 | D:7      | Reached XP level 8. HP: 41/41 MP: 8/14
  7943 | D:7      | Killed a hippogriff
  7943 | D:7      | Reached skill level 7 in Stealth
  8250 | D:6      | Noticed Dowan
  8461 | D:4      | Reached skill level 8 in Stealth
  8661 | D:5      | Killed Ijyb
  8926 | D:6      | Killed Dowan
  9490 | D:6      | Killed Blork the orc
  9592 | D:5      | Learned a level 3 spell: Conjure Flame
  9672 | D:6      | Killed Duvessa
  9672 | D:6      | Reached skill level 1 in Fire Magic
  9934 | D:6      | Reached XP level 9. HP: 45/45 MP: 6/15
  9951 | D:6      | Noticed Menkaure
  9984 | D:6      | Killed Menkaure
 11050 | D:7      | Reached skill level 9 in Stealth
 11200 | D:7      | Found a staircase to the Ecumenical Temple.
 11389 | Temple   | Entered the Ecumenical Temple
 11424 | Temple   | Became a worshipper of Vehumet
 11523 | D:7      | Killed Prince Ribbit
 11964 | D:8      | Reached skill level 10 in Stealth
 12443 | D:8      | Found a blossoming altar of Fedhas.
 12617 | D:8      | Identified a scroll of acquirement
 12645 | D:8      | Learned a level 3 spell: Mephitic Cloud
 12998 | D:9      | Reached * piety under Vehumet
 12998 | D:9      | Offered knowledge of Flame Tongue by Vehumet.
 13037 | D:9      | Learned a level 1 spell: Flame Tongue
 13152 | D:9      | Reached skill level 1 in Air Magic
 13152 | D:9      | Reached skill level 1 in Poison Magic
 13573 | D:6      | Killed Pikel
 13573 | D:6      | Reached XP level 10. HP: 43/50 MP: 2/16
 13665 | D:8      | Learned a level 3 spell: Ignite Poison
 13801 | D:9      | Noticed Harold
 14728 | D:9      | Noticed Gastronok
 15283 | D:9      | Splashed by an acid dragon's acid

Levels and vault maps discovered:
D:1:      psy_arrival_terrarium, layout_basic
D:2:      layout_rooms, serial_aquarium, aquarium_bridge_square
          [aquarium_subvault_bridge, aquarium_subvault_wall,
          aquarium_subvault_bridge, aquarium_subvault_balcony],
          aquarium_bridge_long_separate [aquarium_subvault_bridge,
          aquarium_subvault_bridge, aquarium_subvault_balcony,
          aquarium_subvault_balcony, aquarium_subvault_bridge,
          aquarium_subvault_bridge], aquarium_window_1, aquarium_window_fake,
          aquarium_window_corner, aquarium_window_1, aquarium_view_2e,
          aquarium_view_2c, aquarium_balcony_double_1, aquarium_pool_1
D:3:      layout_loops_ring, makhleb_altar_promises_db, first_ration,
          mrwooster_statue_mirror, okawaru_trees_1
D:4:      layout_basic
D:5:      layout_gridville, gammafunk_temple_overflow_statue,
          kennysheep_small_square, uniq_ijyb
D:6:      layout_loops_cross, uniq_duvessa, uniq_blork_the_orc, uniq_menkaure,
          uniq_pikel
D:7:      layout_gridville, kennysheep_mini_moat, grunt_temple_overflow_open,
          minmay_temple_entry_statues_fountains, uniq_prince_ribbit1
D:8:      layout_rooms, nicolae_overflow_hidden_temple
D:9:      kennysheep_blocky_room, layout_layer_cave, uniq_harold, uniq_gastronok
Temple:   regret_index_temple_waves

Skill      XL: |  1  2  3  4  5  6  7  8  9 10 |
---------------+-------------------------------+-----
Stealth        | 3 4 5 6 8 10 | 10.0
Conjurations   | 2 3 4 5 7 |  7.8
Spellcasting   | 4 |  4.1
Dodging        | 4 5 7 8 |  8.1
Fire Magic     | 2 3 4 |  4.6
Air Magic      | 2 3 |  3.8
Poison Magic   | 2 3 |  3.8
Summonings     | |  1.0
Translocations | |  1.0

Action                   |  1- 3 |  4- 6 |  7- 9 | 10-12 || total
-------------------------+-------+-------+-------+-------++-------
Melee: Dagger            |     1 |     3 |    37 |     1 ||    42
Throw: Dart              |       |       |       |     5 ||     5
 Cast: Magic Dart        |    73 |   126 |   346 |    30 ||   575
       Call Imp          |     6 |     2 |    69 |       ||    77
       Conjure Flame     |       |       |     6 |     2 ||     8
       Flame Tongue      |       |       |    19 |    67 ||    86
       Mephitic Cloud    |       |       |     1 |     3 ||     4
       Ignite Poison     |       |       |       |     2 ||     2
Evoke: Wand              |       |       |     1 |       ||     1
  Use: Scroll            |     2 |     6 |     9 |     3 ||    20
       Potion            |       |       |     2 |       ||     2
 Stab: Sleeping          |     1 |     2 |       |       ||     3
  Eat: Chunk             |    10 |     7 |    31 |     5 ||    53
Armor: Robe              |       |     3 |    21 |    17 ||    41
Dodge: Dodged            |     8 |    16 |   132 |    32 ||   188

Table legend:
 A = Non-vault XP
 B = Vault XP
 C = Vault XP percentage of total XP
 D = Non-vault monster count
 E = Vault monster count
 F = Vault count percentage of total count
                 A         B        C        D         E       F
            +---------+---------+-------+---------+---------+-------
      Total |    4234 |    1602 |  27.5 |     165 |      11 |   6.2
            +---------+---------+-------+---------+---------+-------
        D:1 |      40 |       0 |   0.0 |      26 |       0 |   0.0
        D:2 |      42 |       0 |   0.0 |      18 |       0 |   0.0
        D:3 |      67 |       0 |   0.0 |      14 |       0 |   0.0
        D:4 |     259 |       0 |   0.0 |      13 |       0 |   0.0
        D:5 |     344 |      91 |  20.9 |      21 |       2 |   8.7
        D:6 |     351 |    1077 |  75.4 |      12 |       5 |  29.4
        D:7 |     782 |     228 |  22.6 |      23 |       1 |   4.2
        D:8 |     555 |       0 |   0.0 |      18 |       0 |   0.0
        D:9 |    1794 |     206 |  10.3 |      20 |       3 |  13.0
            +---------+---------+-------+---------+---------+-------
